 Dungeon Crawl Stone Soup version 0.22-b1-59-g0aedee7 (webtiles) character file.

473 poirepourri the Cudgeler (level 7, -4/41 HPs)
             Began as a Gargoyle Fighter on Aug 9, 2018.
             Killed by divine providence
             ... invoked by an orc priest
              (11 damage)
             ... on level 4 of the Dungeon.
             The game lasted 00:03:31 (3172 turns).

poirepourri the Cudgeler (Gargoyle Fighter)         Turns: 3172, Time: 00:03:32

Health: -4/41      AC: 11    Str: 20    XL:     7   Next: 10%
Magic:  7/7        EV:  7    Int:  8    God:
Gold:   155        SH:  9    Dex: 11    Spells: 6/6 levels left

rFire    x . .     SeeInvis .   a - +0 flail
rCold    + . .     Gourm    .   c - +0 shield
rNeg     + . .     Faith    .   b - +0 scale mail
rPois    ∞         Spirit   .   (no helmet)
rElec    +         Reflect  .   (no cloak)
rCorr    .         Harm     .   (no gloves)
MR       +....                  (no boots)
Stlth    ..........             (no amulet)
HPRegen  0.13/turn              s - ring of protection from magic
MPRegen  0.10/turn              l - ring of ice

@: no status effects
A: negative energy resistance 1, electricity resistance, unbreathing,
petrification resistance, rot immunity, AC +4
a: no special abilities


You were on level 4 of the Dungeon.
You were not hungry.

You visited 1 branch of the dungeon, and saw 4 of its levels.

You collected 155 gold pieces.

Inventory:

Hand Weapons
 a - a +0 flail (weapon)
Missiles
 q - 16 bolts
Armour
 b - a +0 scale mail (worn)
 c - a +0 shield (worn)
Jewellery
 l - a ring of ice (right hand)
 n - a cursed amulet of inaccuracy
 s - a ring of protection from magic (left hand)
Wands
 d - a wand of polymorph (13)
 o - a wand of iceblast (7)
Scrolls
 m - 2 scrolls of teleportation
 t - a scroll of remove curse
Potions
 e - a potion of flight {unknown}
 g - 2 potions of haste {unknown}
 h - a potion of mutation {unknown}
 i - 3 potions of curing
 j - a potion of agility {unknown}
 k - a potion of cancellation {unknown}
 p - a potion of lignification {unknown}
Comestibles
 f - 5 rations


   Skills:
 - Level 3.2 Fighting
 + Level 7.5 Maces & Flails
 - Level 3.2 Armour
 - Level 3.2 Shields


You had 6 spell levels left.
You didn't know any spells.
Your spell library contained the following spells:

 Spells                   Type           Power        Failure   Level  Hunger
 Magic Dart               Conj           #...         99%         1    ##.....
 Conjure Flame            Conj/Fire      #.......     100%        3    ####...
 Slow                     Hex            #.......     100%        2    ###....
 Mephitic Cloud           Conj/Pois/Air  #.......     100%        3    ####...
 Blink                    Tloc           N/A          100%        2    ###....
 Call Imp                 Summ           #.......     100%        2    ###....


Dungeon Overview and Level Annotations

Branches:
Dungeon (4/15)
 Temple: D:4-7

Altars:
Ashenzari
Fedhas
Makhleb


Innate Abilities, Weirdness & Mutations

You are resistant to torment.
Your stone body is resilient. (AC +4)
You are immune to poison.
You resist negative energy. (rN+)
You are resistant to electric shocks. (rElec)
You can survive without breathing.
You are immune to petrification.
You are immune to rotting.


Message History

The orc priest looks encouraged for a moment.
You hit the orc.
The orc is almost dead.
The orc closely misses you.
Your shield and scale mail prevent you from hitting the orc.
The orc is almost dead.
You block the orc's attack.
You hit the orc.
You kill the orc!
The orc priest mumbles some strange prayers to Beogh against you.
Pain shoots through your body!
You feel better.
The orc priest invokes the aid of Beogh against you.
Beogh smites you!
* * * LOW HITPOINT WARNING * * *
You sock the orc priest!
The orc priest is almost dead.
The orc priest mumbles some strange prayers to Beogh against you.
Beogh smites you!
You die...

#.# #.# #.# #.# #.#
##.### ### .....# ##.##
.###.######.#.###########
.# #.......###oo@........
.###.######.#o###########
.....# #.## ###### #>#
#<# #.. #.. .o.o ....


You could see an orc priest and 2 orcs.

Vanquished Creatures
  Sigmund (D:3)
  2 orc priests (D:3)
  2 orc wizards
  Ijyb (D:2)
  Robin (D:3)
  3 adders
  An ooze (D:1)
  5 worms
  5 dart slugs
  2 leopard geckos
  9 orcs
  3 giant cockroaches
  17 goblins
  14 hobgoblins
  7 jackals
  5 kobolds
  3 ball pythons
  5 bats
  4 frilled lizards
  8 rats
  A plant (D:3)
99 creatures vanquished.

Notes
Turn   | Place    | Note
-------+----------+-------------------------------------------
     0 | D:1      | poirepourri the Gargoyle Fighter began the quest for the Orb.
     0 | D:1      | Reached XP level 1. HP: 14/14 MP: 1/1
    73 | D:1      | Reached XP level 2. HP: 19/19 MP: 2/2
   207 | D:1      | Reached skill level 3 in Maces & Flails
   404 | D:1      | Reached XP level 3. HP: 20/23 MP: 3/3
   867 | D:2      | Found a shattered altar of Ashenzari.
  1005 | D:2      | Reached skill level 4 in Maces & Flails
  1135 | D:2      | Noticed Ijyb
  1145 | D:2      | Reached XP level 4. HP: 28/28 MP: 4/4
  1155 | D:2      | Killed Ijyb
  1681 | D:3      | Found a blossoming altar of Fedhas.
  1777 | D:3      | Reached skill level 5 in Maces & Flails
  1801 | D:3      | Reached XP level 5. HP: 32/32 MP: 5/5
  2138 | D:3      | Noticed Robin
  2157 | D:3      | Killed Robin
  2184 | D:3      | Noticed Sigmund
  2217 | D:3      | Killed Sigmund
  2217 | D:3      | Reached skill level 6 in Maces & Flails
  2217 | D:3      | Reached XP level 6. HP: 34/37 MP: 6/6
  2460 | D:3      | Reached skill level 7 in Maces & Flails
  2502 | D:3      | Found a burning altar of Makhleb.
  2811 | D:4      | Reached XP level 7. HP: 40/41 MP: 7/7
  3172 | D:4      | Killed from afar by an orc priest

Skill      XL: |  1  2  3  4  5  6 |
---------------+-------------------+-----
Maces & Flails | 3 4 5 6 7 |  7.5
Fighting       | |  3.2
Armour         | |  3.2
Shields        | |  3.2

Action                   |  1- 3 |  4- 6 |  7- 9 || total
-------------------------+-------+-------+-------++-------
Melee: Flail             |    96 |   253 |    52 ||   401
       Unarmed           |       |     7 |       ||     7
  Use: Scroll            |     4 |     3 |     1 ||     8
       Potion            |     1 |     5 |     1 ||     7
 Stab: Confused          |       |     1 |       ||     1
  Eat: Chunk             |       |     3 |       ||     3
       Ration            |       |     2 |       ||     2
Armor: Scale mail        |    67 |   107 |    33 ||   207
Dodge: Dodged            |    28 |    52 |    19 ||    99
Block: Shield            |    53 |    96 |    31 ||   180
